Map: [ESL] Dragon Scales

Players

JuchelZero

  • Race: Protoss Protoss
  • League: Gold
  • Spawn Location: 11:00

Cow (PiG) - Winner!

  • Race: Terran Terran
  • League: Grandmaster
  • Spawn Location: 5:00

VOD

https://www.youtube.com/playlist?list=PLOrKQEirgvjBrkg_LERyoNc_WYX2C2tgI

Description

Time

  • Played on: July 11, 2023, 4:34 p.m.
  • Length: 11:07
Show
View Real Time Build Order
Export as new Build Order

JuchelZero Protoss 

Build Orders: 1 Gate Expand, Oracle Opening 

Get SALT Encoding   

  12  0:04  Probe (Chrono Boost)  
  13  0:11  Probe (Chrono Boost)  
  14  0:18  Pylon  
  14  0:21  Probe  
  15  0:36  Probe  
  15  0:38  Gateway  
  16  0:46  Assimilator  
  16  0:48  Probe  
  17  1:00  Probe (Chrono Boost)  
  18  1:12  Probe (Chrono Boost)  
  19  1:20  Probe (Chrono Boost)  
  20  1:32  Nexus  
  19  1:36  Probe  
  20  1:46  Cybernetics Core  
  20  1:51  Probe  
  21  2:04  Probe (Chrono Boost)  
  23  2:16  Probe (Chrono Boost)  
  23  2:17  Pylon  
  23  2:27  Warp Gate  
  23  2:35  Stargate, Probe  
  24  2:39  Pylon  
  24  2:43  Adept  
  26  2:48  Probe (Chrono Boost)  
  26  2:49  Probe (Chrono Boost)  
  26  2:51  Gateway  
  27  3:01  Probe (Chrono Boost)  
  29  3:05  Probe (Chrono Boost)  
  29  3:08  Probe (Chrono Boost)  
  29  3:12  Assimilator, Probe (Chrono Boost)  
  31  3:14  Assimilator  
  31  3:16  Probe (Chrono Boost)  
  32  3:25  Probe (Chrono Boost)  
  33  3:31  Oracle  
  33  3:34  Probe (Chrono Boost)  
  38  3:35  Probe (Chrono Boost)  
  38  3:40  Probe x2 (Chrono Boost)  
  39  3:43  Pylon  
  40  3:52  Probe (Chrono Boost)  
  40  3:55  Shield Battery  
  42  3:58  Probe (Chrono Boost)  
  42  4:00  Probe (Chrono Boost)  
  43  4:04  Probe (Chrono Boost)  
  43  4:08  Oracle  
  47  4:11  Gateway  
  47  4:16  Probe (Chrono Boost)  
  48  4:18  Twilight Council  
  49  4:28  Probe x2 (Chrono Boost)  
  50  4:32  Probe (Chrono Boost)  
  50  4:35  Probe (Chrono Boost)  
  50  4:37  Gateway  
  52  4:39  Gateway  
  52  4:42  Probe  
  52  4:43  Gateway  
  53  4:47  Oracle  
  56  5:15  Zealot x3  
  56  5:20  Pylon  
  62  5:21  Pylon  
  62  5:23  Pylon  
  62  5:27  Charge (Chrono Boost)  
  62  5:38  Gateway  
  62  5:42  Gateway  
  62  5:47  Probe  
  62  5:49  Pylon  
  63  5:51  Pylon  
  63  5:54  Oracle  
  63  5:56  Stalker x4  
  63  5:57  Stalker  
  76  5:59  Probe  
  77  6:13  Gateway  
  77  6:17  Gateway  
  77  6:19  Gateway  
  77  6:25  Probe  
  77  6:26  Probe  
  77  6:29  Zealot  
  77  6:30  Zealot x3  
  77  6:31  Zealot, Oracle  
  92  6:33  Zealot  
  94  7:03  Zealot x3  
  94  7:04  Zealot  
  102  7:15  Pylon  
  102  7:17  Pylon  
  102  7:19  Pylon  
  102  7:25  Nexus  
  102  7:28  Pylon  
  102  7:31  Pylon  
  102  7:43  Blink  
  102  7:44  Pylon  
  102  7:45  Pylon  
  102  7:47  Gateway  
  102  7:49  Robotics Facility  
  102  7:51  Robotics Facility, Gateway  
  102  8:01  Stalker  
  102  8:02  Stalker x4  
  102  8:04  Sentry  
  114  8:28  Zealot x2  
  114  8:29  Zealot x5  
  84  8:49  Zealot x2  
  84  8:50  Zealot x4  
  68  9:03  Zealot x3  
  68  9:04  Zealot  
  52  9:20  Stalker x3  
  53  9:39  Stalker  
  53  9:40  Stalker x3  
  53  9:43  Stalker  
  57  10:06  Stalker x2  
  55  10:07  Stalker x3  
Show
View Real Time Build Order
Export as new Build Order

Cow Terran - Winner!

Build Orders:  

Get SALT Encoding   

  12  0:01  SCV  
  13  0:13  SCV  
  14  0:18  Supply Depot  
  14  0:25  SCV  
  15  0:40  SCV  
  15  0:41  Barracks  
  16  0:47  Refinery  
  16  0:52  SCV  
  17  1:04  SCV  
  18  1:16  SCV  
  19  1:32  Orbital Command  
  19  1:33  Barracks Reactor  
  19  1:47  Command Center  
  19  2:01  Supply Depot  
  19  2:03  SCV  
  20  2:17  SCV  
  20  2:18  Marine x2  
  23  2:27  Factory  
  23  2:29  SCV  
  24  2:35  Marine  
  25  2:42  Refinery  
  25  2:43  SCV  
  26  2:45  Marine  
  27  2:53  Marine  
  27  2:55  SCV  
  29  3:01  Bunker  
  29  3:03  Orbital Command  
  29  3:08  SCV  
  30  3:15  Factory Tech Lab  
  30  3:17  Starport  
  30  3:20  SCV  
  30  3:23  Marine x2  
  33  3:33  SCV  
  33  3:34  SCV  
  35  3:46  SCV x2  
  35  3:47  Marine  
  35  3:48  Marine  
  39  3:49  Siege Tank  
  42  3:56  Supply Depot  
  42  3:58  SCV x2  
  42  4:00  Supply Depot  
  44  4:04  Viking  
  46  4:17  Marine x2, SCV x2  
  46  4:22  Supply Depot  
  50  4:28  Siege Tank  
  50  4:29  SCV  
  54  4:35  Supply Depot  
  54  4:50  SCV  
  54  4:51  SCV  
  56  4:54  Marine x2, Supply Depot  
  58  5:00  Siege Tank  
  58  5:02  SCV  
  58  5:03  SCV  
  60  5:15  SCV  
  61  5:37  Barracks  
  61  5:39  Barracks  
  61  5:40  SCV x2  
  61  5:41  Barracks x2  
  63  5:44  Marine x2  
  63  5:45  Siege Tank  
  63  5:47  Starport Reactor  
  68  5:52  SCV x2  
  70  6:00  Engineering Bay  
  70  6:04  SCV x2  
  70  6:05  Refinery x2  
  70  6:06  Supply Depot  
  70  6:08  Supply Depot  
  72  6:16  SCV x2  
  74  6:20  Marine x2  
  74  6:21  Siege Tank  
  79  6:28  SCV x2  
  79  6:30  Barracks Tech Lab x2, Barracks Reactor  
  79  6:31  Barracks Reactor  
  81  6:38  Marine  
  81  6:39  Terran Infantry Weapons Level 1  
  82  6:41  Medivac  
  82  6:44  Medivac  
  86  6:53  Supply Depot  
  86  7:03  Supply Depot  
  86  7:05  Supply Depot  
  86  7:07  Stimpack, Combat Shield  
  86  7:09  Marauder x2, Marine  
  86  7:10  Marine x5  
  96  7:27  Missile Turret, Marine x3  
  96  7:28  Marine  
  96  7:29  Missile Turret  
  100  7:33  Supply Depot  
  100  7:35  Marine x2, Marauder x2  
  100  7:36  Supply Depot  
  106  7:37  Siege Tank  
  109  7:45  Marine x4  
  109  7:46  Medivac  
  115  7:53  Marine x2  
  115  7:56  Marine x2  
  119  8:03  Marine x2  
  121  8:09  Siege Tank  
  121  8:10  Marine  
  121  8:11  Marine x3  
  128  8:14  Marauder, Supply Depot  
  128  8:15  Marauder  
  128  8:16  Supply Depot  
  132  8:21  Marine x2  
  132  8:26  Concussive Shells  
  134  8:36  Marauder x2  
  134  8:39  Supply Depot  
  127  8:41  Siege Tank  
  113  9:14  Marauder x2  
  113  9:15  Marine x6  
  121  9:18  Siege Tank  
  121  9:21  Medivac  
  121  9:22  Medivac  
  128  9:33  Marine x6  
  128  9:35  Marauder  
  128  9:36  Marauder  
  138  9:51  Medivac, Marine, Siege Tank  
Tags
 
Add a new tag
Caveats
  • Supply blocks, unpowered buildings, or Contaminate may cause inaccurate times.
  • Supply counts are checked every 10 seconds.